 Dungeon Crawl Stone Soup version 0.24-a0-170-gd8427f5 (webtiles) character file.

Game seed: 16902672765483670395

86 Kled the Chiller (level 4, 0/41 HPs)
             Began as an Ogre Ice Elementalist on Mar 12, 2019.
             Was an Initiate of Qazlal.
             Killed by nerve-wracking pain
             ... invoked by an orc priest
              (3 damage)
             ... on level 3 of the Dungeon.
             The game lasted 00:08:19 (1967 turns).

Kled the Chiller (Ogre Ice Elementalist)            Turns: 1967, Time: 00:08:20

Health: 0/41       AC:  5    Str: 13    XL:     4   Next: 50%
Magic:  0/8        EV: 10    Int: 16    God:    Qazlal [......]
Gold:   125        SH:  0    Dex:  9    Spells: 6/9 levels left

rFire    . . .     SeeInvis .   h - +0 club
rCold    . . .     Gourm    .   (no shield)
rNeg     . . .     Faith    .   a - +1 robe
rPois    .         Spirit   .   (helmet restricted)
rElec    .         Reflect  .   j - +0 cloak
rCorr    .         Harm     .   (gloves unavailable)
MR       .....                  (boots unavailable)
Stlth    ++........             (no amulet)
HPRegen  0.13/turn              (no ring)
MPRegen  0.11/turn              (no ring)

@: no status effects
A: large, unfitting armour, tough skin 1
a: Renounce Religion


You were on level 3 of the Dungeon.
You worshipped Qazlal.
Qazlal was noncommittal.
You were hungry.

You visited 1 branch of the dungeon, and saw 3 of its levels.

You collected 125 gold pieces.

Inventory:

Hand Weapons
 b - a cursed -1 hand axe
 h - a +0 club (weapon)
Armour
 a - a +1 robe (worn)
 j - a +0 cloak (worn)
Jewellery
 k - a +4 amulet of reflection {unknown}
 l - an uncursed amulet of harm {unknown}
 o - an uncursed ring of ice {unknown}
Scrolls
 i - 2 scrolls of magic mapping
 m - a scroll of remove curse {unknown}
Potions
 d - a potion of curing
 e - a potion of magic {unknown}
 f - 2 potions of haste
 g - a potion of resistance
 n - a potion of might {unknown}
Comestibles
 c - 4 rations


   Skills:
 * Level 1.0 Fighting
 + Level 0.1 Maces & Flails
 + Level 2.0 Dodging
 + Level 1.5 Stealth
 + Level 0.1 Unarmed Combat
 + Level 3.2 Spellcasting
 + Level 1.4 Conjurations
 * Level 3.7 Ice Magic


You had 6 spell levels left.
You knew the following spells:

 Your Spells              Type           Power        Failure   Level  Hunger
a - Freeze                Ice            ##..         4%          1    None
b - Throw Frost           Conj/Ice       ##....       10%         2    ##.....

Your spell library contained the following spells:

 Spells                   Type           Power        Failure   Level  Hunger
 Ozocubu's Armour         Chrm/Ice       #.......     26%         3    ###....
 Throw Icicle             Conj/Ice       ##......     54%         4    ####...
 Summon Ice Beast         Ice/Summ       #.......     65%         4    ####...


Dungeon Overview and Level Annotations

Branches:
Dungeon (3/15)

Altars:
Qazlal


Innate Abilities, Weirdness & Mutations

You are too large for most types of armour.
You have tough skin. (AC +1)


Message History

The orc priest is heavily wounded.
Casting: Freeze (safe; 4% risk of failure)
Confirm with . or Enter, or press ? or * to list all spells.
Aiming: Freeze (safe; 4% risk of failure)
Press: ? - help, Shift-Dir - straight line, f/p - orc priest
Aim: an orc priest, wielding a +0 flail and wearing a +0 leather armour (heavily wounded)
You freeze the orc priest.
The orc priest is almost dead.
The orc priest mumbles some strange prayers to Beogh against you.
Beogh smites you!
* * * LOW HITPOINT WARNING * * *
You barely miss the orc priest.
The orc priest is almost dead.
The orc priest hits you with a +0 flail.
* * * LOW HITPOINT WARNING * * *
You barely miss the orc priest.
The orc priest is almost dead.
The orc priest calls down the wrath of Beogh upon you.
Pain shoots through your body!
You die...

....... #. #...... #. +..(... #.
#...... ####.
#......#####################....
.........oo.o.o............'....
################.....#######....
#...# #....o.....# #.... #...#
#....@.....# #.... #...#
####........### #.... #...#
#...........# #.... #...#
#...........# ####.
##...####...........# #.
.5....5.'...........# #.
##...####...........# #.
.......######+####### #.
######.# ##


You could see an orc priest.

Vanquished Creatures
  A crimson imp (D:3)
  2 adders (D:2)
  A leopard gecko (D:1)
  5 orcs (D:3)
  2 giant cockroaches
  4 goblins
  4 hobgoblins
  5 kobolds
  2 bats
  A frilled lizard (D:1)
  3 rats
30 creatures vanquished.

Notes
Turn   | Place    | Note
-------+----------+-------------------------------------------
     0 | D:1      | Kled the Ogre Ice Elementalist began the quest for the Orb.
     0 | D:1      | Reached XP level 1. HP: 16/16 MP: 3/3
   472 | D:1      | Reached XP level 2. HP: 21/24 MP: 3/5
   492 | D:1      | Learned a level 2 spell: Throw Frost
   842 | D:2      | Reached XP level 3. HP: 32/32 MP: 0/7
   942 | D:2      | Found a stormy altar of Qazlal.
   950 | D:2      | Became a worshipper of Qazlal Stormbringer
  1264 | D:2      | Reached skill level 1 in Conjurations
  1745 | D:3      | Noticed an ogre
  1933 | D:3      | Reached skill level 1 in Fighting
  1933 | D:3      | Reached XP level 4. HP: 25/41 MP: 0/8
  1967 | D:3      | Killed from afar by an orc priest

Levels and vault maps discovered:
D:1:      dpeg_arrival_tiny_k, layout_rooms, minmay_pentomino_z2
D:2:      layout_loops_corners, grunt_qazlal_clouds
D:3:      layout_basic, cheibrodos_sewer_entry_bend

Skill      XL: |  1  2  3 |
---------------+----------+-----
Ice Magic      | 3 |  3.7
Spellcasting   | 3 |  3.2
Conjurations   | 1 |  1.4
Dodging        | 2 |  2.0
Fighting       | 1 |  1.0
Maces & Flails | |  0.1
Stealth        | |  1.5
Unarmed Combat | |  0.1

Action                   |  1- 3 |  4- 6 || total
-------------------------+-------+-------++-------
Melee: Unarmed           |    21 |       ||    21
       Club              |    18 |     2 ||    20
 Cast: Freeze            |    31 |     5 ||    36
       Throw Frost       |    19 |       ||    19
  Use: Scroll            |     6 |       ||     6
 Stab: Sleeping          |     1 |       ||     1
  Eat: Chunk             |     4 |       ||     4
Armor: Robe              |    13 |       ||    13
Dodge: Dodged            |    28 |     2 ||    30

Table legend:
 A = Non-vault XP
 B = Vault XP
 C = Vault XP percentage of total XP
 D = Non-vault monster count
 E = Vault monster count
 F = Vault count percentage of total count
                 A         B        C        D         E       F
            +---------+---------+-------+---------+---------+-------
      Total |     122 |       2 |   1.6 |      29 |       1 |   3.3
            +---------+---------+-------+---------+---------+-------
        D:1 |      13 |       2 |  13.3 |       8 |       1 |  11.1
        D:2 |      45 |       0 |   0.0 |      13 |       0 |   0.0
        D:3 |      64 |       0 |   0.0 |       8 |       0 |   0.0
            +---------+---------+-------+---------+---------+-------
